 Dungeon Crawl Stone Soup version 0.20.1-1-g8b1a95d (webtiles) character file.

1358 tidbits the Insei (level 8, 0/58 HPs)
             Began as a Demigod Transmuter on Aug 20, 2017.
             Slain by an orc
             ... wielding a +0 short sword
              (6 damage)
             ... on level 6 of the Dungeon.
             The game lasted 00:20:48 (2331 turns).

tidbits the Insei (Demigod Transmuter)              Turns: 2331, Time: 00:20:49

Health: 0/58       AC:  2    Str: 13    XL:     8   Next: 15%
Magic:  4/16       EV: 19    Int: 21    God:
Gold:   60         SH:  0    Dex: 21    Spells: 3/14 levels left

rFire    . . .     SeeInvis .     - Unarmed
rCold    . . .     Gourm    .   (shield currently unavailable)
rNeg     . . .     Faith    .   (armour currently unavailable)
rPois    x         Spirit   .   (helmet currently unavailable)
rElec    .         Reflect  .   (cloak currently unavailable)
rCorr    +         Harm     .   (gloves currently unavailable)
MR       .....                  (boots currently unavailable)
Stlth    ++........             (no amulet)
Regen    0.2/turn               K - ring of resist corrosion
MPRegen  0.2/turn               (no ring)

@: spider-form, very slightly contaminated
A: high mp 1
a: End Transformation


You were on level 6 of the Dungeon.
You were not hungry.
You were a venomous arachnid creature.
You visited 1 branch of the dungeon, and saw 6 of its levels.

You collected 270 gold pieces.
You spent 210 gold pieces at shops.

Inventory:

Hand Weapons
 u - a +1 morningstar of protection
   (You found it on level 6 of the Dungeon)
Missiles
 a - 37 arrows
 e - 5 tomahawks (quivered)
 l - 5 javelins
Armour
 h - a +0 ring mail
 i - the +2 robe of Kickooh (melded) {rF- Str-3 Int+9 Dex+4}
   (You found it on level 4 of the Dungeon)

   It affects your strength (-3).
   It affects your intelligence (+9).
   It affects your dexterity (+4).
   It makes you vulnerable to fire.
 s - a +2 buckler
 B - a +0 robe
 C - a +0 cloak (melded)
Jewellery
 j - an uncursed ring of ice
   (You found it on level 1 of the Dungeon)
 K - a ring of resist corrosion (left front leg)
   (You found it on level 2 of the Dungeon)
Wands
 y - a wand of iceblast (5/15)
Scrolls
 b - 2 scrolls of enchant armour {unknown}
 g - a scroll of blinking
 k - 2 scrolls of teleportation {unknown}
 n - a scroll of recharging {unknown}
 o - 3 scrolls of remove curse {unknown}
 v - a scroll of identify
 w - a scroll of fear {unknown}
 A - a scroll of amnesia {unknown}
Potions
 f - a potion of cancellation
 t - a potion of brilliance
 x - a potion of curing
 z - 2 potions of lignification
 D - a potion of agility
Books
 c - a book of Changes

   Spells                             Type                      Level
   a - Beastly Appendage              Transmutation                1
   b - Sticks to Snakes               Transmutation                2
   c - Spider Form                    Transmutation/Poison         3
   d - Ice Form                       Ice/Transmutation            4
   e - Blade Hands                    Transmutation                5
Comestibles
 d - 6 bread rations
 p - a royal jelly
 q - a fruit
 r - 2 meat rations
 E - 5 chunks of flesh


   Skills:
 - Level 0.8 Fighting
 - Level 1.7 Dodging
 * Level 7.9 Unarmed Combat
 - Level 3.5 Spellcasting
 + Level 5.0 Transmutations


You had 3 spell levels left.
You knew the following spells:

 Your Spells              Type           Power        Failure   Level  Hunger
e - Beastly Appendage     Tmut           ###...       7%          1    None
h - Blade Hands           Tmut           ###.......   63%         5    ######.
k - Sticks to Snakes      Tmut           ###.....     9%          2    ##.....
p - Spider Form           Tmut/Pois      ##........   32%         3    ###....


Dungeon Overview and Level Annotations

Branches:
Dungeon (6/15)             Temple (0/1) D:5

Shops:
D:6 !

Annotations:
D:3 tidbits's ghost, weakling DgWn


Innate Abilities, Weirdness & Mutations

You have an increased reservoir of magic. (+10% MP)
((You have large cloven feet.))
((Your flesh is heat resistant. (rF+)))


Message History

Your ball python constricts the leopard gecko.
The leopard gecko misses your ball python.
Your ball python bites the leopard gecko.
Your ball python barely misses the leopard gecko.
Your ball python constricts the leopard gecko.
The leopard gecko dies!
An orc comes into view. It is wielding a club.
What are your orders? t - Hiss!
Orders for allies: a - Attack new target. r - Retreat! s - Stop attacking. g - Guard the area. f - Follow me.
Anything else - Cancel.
Gang up on whom?
Press: ? - help, Dir - move target cursor, f - orc
Aim: an orc, wielding a club (resting) Attack!
Your transformation is almost over.
You swap places.
An orc wizard comes into view. It is wielding a dagger.
The orc wizard shouts!
The orc closely misses your ball python.
A jelly comes into view.
Your ball python bites the orc.
Your ball python grabs the orc.
Your ball python constricts the orc.
The orc closely misses your ball python.
Your ball python bites the orc.
Your ball python barely misses the orc.
Your ball python constricts the orc.
The orc dies!
An orc comes into view. It is wielding a whip.
An orc comes into view. It is wielding a dagger.
You feel much better.
The orc wizard hits your ball python with a dagger.
Your ball python dies!
Your ball python completely misses the orc wizard.
Your ball python grabs the orc wizard.
Your ball python constricts the orc wizard.
Your ball python bites the orc wizard.
An orc priest comes into view. It is wielding a trident.
You bite the orc wizard!
You kill the orc wizard!
The orc closely misses you.
An orc comes into view. It is wielding a short sword.
You barely miss the orc.
Your transformation has ended.
Your +0 cloak unmelds from your body.
The +2 robe of Kickooh {rF- Str-3 Int+9 Dex+4} unmelds from your body.
Your ball python bites the jelly.
Your ball python is burned by acid!
Your ball python withers and dies!
Your ball python barely misses the orc. x2
The orc barely misses your ball python.
Casting: Sticks to Snakes
Confirm with . or Enter, or press ? or * to list all spells.
You turn into a venomous arachnid creature.
Your +0 cloak melds into your body.
The +2 robe of Kickooh {rF- Str-3 Int+9 Dex+4} melds into your body.
The jelly closely misses your ball python.
Your ball python barely misses the orc.
Your ball python grabs the orc.
Your ball python constricts the orc.
The orc misses you. The orc completely misses you.
You bite the orc!
You kill the orc!
You feel a little less mighty now. The jelly hits your ball python.
Your ball python is splashed with acid.
The acid corrodes your ball python!
Your ball python dies!
The orc priest misses you. The orc closely misses you.
You bite the orc!
You kill the orc!
The orc priest calls down the wrath of Beogh upon you.
Beogh smites you!
* * * LOW HITPOINT WARNING * * *
You hit the jelly.
The jelly is poisoned.
Your front legs burn!
* * * LOW HITPOINT WARNING * * *
The jelly is lightly wounded.
The orc priest mumbles some strange prayers to Beogh against you.
You struggle to resist.
The jelly completely misses you.
You hit the jelly.
Your front legs burn!
* * * LOW HITPOINT WARNING * * *
The jelly is heavily wounded.
The orc priest barely misses you. The jelly misses you.
You hit the jelly.
Your front legs burn!
* * * LOW HITPOINT WARNING * * *
The jelly is heavily wounded.
The jelly misses you. The orc priest completely misses you.
You hit the jelly.
The jelly looks as sick as possible!
Your front legs burn!
* * * LOW HITPOINT WARNING * * *
The jelly is almost dead.
The orc hits you with a short sword.
* * * LOW HITPOINT WARNING * * *
The jelly misses you.
You completely miss the jelly.
The jelly is almost dead.
You kill the jelly!
Your Transmutations skill increases to level 5!
The orc priest hits you from afar with a trident.
* * * LOW HITPOINT WARNING * * *
The orc misses you. The orc priest barely misses you.
The orc hits you with a short sword.
You die...

.###...............#
##...#.##....#######
............##
.####.##.....#####
#. #.#####......# #
#.#####......####.#
................#
####.....)...####
#...).so..#
#.....o.......
####...####### #...#
#...# ##.## #. ..


You could see an orc priest and an orc.

Vanquished Creatures
  The ghost of manyhoops the Gusty, a novice DgAE (D:6)
  2 orc warriors (D:6)
  A sky beast (D:5)
  The ghost of tidbits the Insei, an amateur DgTm (D:4)
  2 jellies
  2 hounds
  3 orc wizards
  3 orc priests
  3 bullfrog skeletons
  4 worker ants
  6 adders
  An ooze (D:5)
  2 adder skeletons (D:4)
  A worm (D:2)
  A dart slug (D:2)
  3 leopard geckos
  10 orcs
  2 ball pythons
  5 bats
  5 giant cockroaches
  5 hobgoblins
  6 jackals
  3 kobolds
  A quokka (D:3)
  4 frilled lizards
  3 goblins (D:2)
  A rat (D:2)
81 creatures vanquished.

Vanquished Creatures (collateral kills)
  A gnoll (D:3)
  A leopard gecko (D:6)
  5 orcs
  A giant cockroach (D:3)
  A goblin (D:3)
  3 jackals (D:3)
  2 frilled lizards (D:2)
14 creatures vanquished.

Vanquished Creatures (others)
  An adder skeleton (D:4)
1 creature vanquished.

Grand Total: 96 creatures vanquished

Notes
Turn   | Place    | Note
-------+----------+-------------------------------------------
     0 | D:1      | tidbits the Demigod Transmuter began the quest for the Orb.
     0 | D:1      | Reached XP level 1. HP: 15/15 MP: 5/5
   107 | D:1      | Reached skill level 3 in Unarmed Combat
   302 | D:2      | Reached XP level 2. HP: 17/22 MP: 5/7
   306 | D:2      | Learned a level 2 spell: Sticks to Snakes
   661 | D:2      | Reached XP level 3. HP: 21/27 MP: 8/8
   748 | D:3      | Reached skill level 2 in Spellcasting
   786 | D:3      | Found a shattered altar of Ashenzari.
   895 | D:3      | Learned a level 3 spell: Spider Form
   921 | D:3      | Reached skill level 3 in Spellcasting
   921 | D:3      | Reached XP level 4. HP: 24/34 MP: 0/11
   937 | D:3      | Gained mutation: You have large cloven feet. [potion of mutation]
   937 | D:3      | Gained mutation: Your flesh is heat resistant. (rF+) [potion of mutation]
  1017 | D:3      | Noticed tidbits's ghost (weakling DgWn)
  1047 | D:4      | Reached skill level 4 in Unarmed Combat
  1048 | D:4      | Reached skill level 2 in Transmutations
  1048 | D:4      | Reached XP level 5. HP: 8/39 MP: 1/13
  1120 | D:4      | Found a sparkling altar of Nemelex Xobeh.
  1191 | D:4      | Got a heavily jewelled robe
  1207 | D:4      | Identified the +2 robe of Kickooh {rF- Str-3 Int+9 Dex+4} (You found it on level 4 of the Dungeon)
  1271 | D:4      | Learned a level 5 spell: Blade Hands
  1343 | D:4      | Noticed tidbits's ghost (amateur DgTm)
  1348 | D:4      | Killed tidbits's ghost
  1348 | D:4      | Reached skill level 5 in Unarmed Combat
  1348 | D:4      | Reached XP level 6. HP: 46/46 MP: 10/14
  1504 | D:3      | Reached skill level 3 in Transmutations
  1602 | D:5      | Entered Level 5 of the Dungeon
  1763 | D:5      | Found a staircase to the Ecumenical Temple.
  1883 | D:5      | Reached skill level 6 in Unarmed Combat
  1883 | D:5      | Reached XP level 7. HP: 29/51 MP: 6/15
  2158 | D:6      | Found Huqehid's Distillery.
  2161 | D:6      | Bought a potion of curing for 30 gold pieces
  2161 | D:6      | Bought 2 potions of lignification for 60 gold pieces
  2161 | D:6      | Bought a potion of might for 40 gold pieces
  2161 | D:6      | Bought a potion of curing for 30 gold pieces
  2161 | D:6      | Bought a potion of degeneration for 10 gold pieces
  2164 | D:6      | Bought a potion of agility for 40 gold pieces
  2253 | D:6      | Noticed manyhoops's ghost (novice DgAE)
  2270 | D:6      | Killed manyhoops's ghost
  2270 | D:6      | Reached skill level 7 in Unarmed Combat
  2270 | D:6      | Reached skill level 4 in Transmutations
  2286 | D:6      | Reached XP level 8. HP: 36/58 MP: 7/16
  2293 | D:6      | HP: 4/58 [orc warrior/trident (3)]
  2330 | D:6      | Reached skill level 5 in Transmutations
  2331 | D:6      | Slain by an orc

Skill      XL: |  1  2  3  4  5  6  7  8 |
---------------+-------------------------+-----
Unarmed Combat | 3 4 5 6 7 |  7.9
Spellcasting   | 3 |  3.5
Transmutations | 2 3 4 5 |  5.0
Fighting       | |  0.8
Dodging        | |  1.7

Action                   |  1- 3 |  4- 6 |  7- 9 || total
-------------------------+-------+-------+-------++-------
Melee: Unarmed           |    82 |    90 |    44 ||   216
       Kick              |     9 |     2 |     1 ||    12
       Headbutt          |     2 |     1 |       ||     3
       Punch             |     1 |       |       ||     1
Throw: Throwing net      |     1 |       |       ||     1
 Cast: Beastly Appendage |    20 |     4 |       ||    24
       Sticks to Snakes  |    10 |    14 |     7 ||    31
       Spider Form       |     1 |    16 |     8 ||    25
  Use: Potion            |     1 |     2 |     4 ||     7
       Scroll            |       |     8 |     1 ||     9
 Stab: Distracted        |       |     1 |       ||     1
  Eat: Chunk             |     1 |     5 |     3 ||     9
Armor: Robe              |    16 |     1 |     1 ||    18
       Skin              |       |    10 |     2 ||    12
Dodge: Dodged            |    34 |    59 |    40 ||   133

Table legend:
 A = Turns spent in this place as a percentage of turns spent in the entire game.
 B = Non-inter-level travel turns spent in this place as a percentage of non-inter-level travel turns spent in the entire game.
 C = Inter-level travel turns spent in this place as a percentage of turns spent in this place.
 D = Turns resting spent in this place as a percentage of non-inter-level travel turns spent in this place.
 E = Turns spent auto-exploring this place as a percentage of non-inter-level travel turns spent in this place.
 F = Non-inter-level travel turns spent in this place divided by the number of levels of this place that you've seen.
                   A       B       C       D       E      F
               +-------+-------+-------+-------+-------+----------------------
         Total | 100.0 | 100.0 |   0.2 |   0.0 |   0.0 | 350.5
       Dungeon | 100.0 | 100.0 |   0.2 |   0.0 |   0.0 | 350.5
               +-------+-------+-------+-------+-------+----------------------

Table legend:
 A = Kills in this place as a percentage of kills in entire the game.
 B = Kills by you in this place as a percentage of kills by you in the entire game.
 C = Kills by friends in this place as a percentage of kills by friends in the entire game.
 D = Other kills in this place as a percentage of other kills in the entire game.
 E = Experience gained in this place as a percentage of experience gained in the entire game.
 F = Experience gained in this place divided by the number of levels of this place that you have seen.
                   A       B       C       D       E      F
               +-------+-------+-------+-------+-------+----------------------
         Total | 100.0 | 100.0 | 100.0 |  -nan | 100.0 | 323.5
       Dungeon | 100.0 | 100.0 | 100.0 |  -nan | 100.0 | 323.5
               +-------+-------+-------+-------+-------+----------------------

Vault maps used:
D:1:      eino_arrival_water_cross
D:2:      lightli_corner_chamber
D:3:      lemuel_castle_with_subvaults, nicolae_ru_path_of_blood,
          evilmike_ruin_ashenzari
D:4:      nemelex_altar_shiori, kennysheep_small_spiral
D:5:      kennysheep_mini, minmay_temple_entry_purple_smoke, first_bread
D:6:      kennysheep_little_box, cheibrodos_sewer_entry_bend, serial_shops,
          nicolae_shop_statue_plus, serial_bayou_lagoon_a, minmay_misc_feat_x,
          minmay_statues_item, hangedman_abyss_or_decor_jellyfish_corner
